 Dungeon Crawl Stone Soup version 0.22-a0-363-g29407c6 (console) character file.

73 vegansnacktivist the Sneak (level 4, -4/28 HPs)
             Began as an Octopode Transmuter on Apr 21, 2018.
             Slain by an orc
             ... wielding a +2 whip of freezing
              (7 damage)
             ... on level 3 of the Dungeon.
             The game lasted 00:03:10 (1889 turns).

vegansnacktivist the Sneak (Octopode Transmuter)    Turns: 1889, Time: 00:03:11

Health: -4/28      AC:  1    Str:  7 (10) XL:     4   Next: 27%
Magic:  7/7        EV: 13    Int: 16 (17) God:
Gold:   122        SH:  0    Dex: 10 (12) Spells: 3/7 levels left

rFire    . . .     SeeInvis .     - Unarmed
rCold    . . .     Gourm    .   (no shield)
rNeg     . . .     Faith    .   (helmet restricted)
rPois    .         Spirit   .   (no amulet)
rElec    .         Reflect  .   j - +2 ring of intelligence
rCorr    .         Harm     .   (no ring)
MR       .....                  (no ring)
Stlth    ++++......             (no ring)
HPRegen  0.09/turn              (no ring)
MPRegen  0.10/turn              (no ring)
                                (no ring)
                                (no ring)

@: no status effects
A: almost no armour, stealthy swim, amphibious, 8 rings, constrict 8, camouflage
1, gelatinous body 1
a: no special abilities


You were on level 3 of the Dungeon.
You were not hungry.

You visited 1 branch of the dungeon, and saw 3 of its levels.

You collected 122 gold pieces.

Inventory:

Missiles
 a - 23 arrows
Jewellery
 j - a +2 ring of intelligence (left tentacle)
Scrolls
 b - a scroll of amnesia
 d - 3 scrolls of remove curse {unknown}
 e - a scroll of teleportation {unknown}
 f - 2 scrolls of identify {unknown}
Potions
 g - a potion of resistance {unknown}
 h - a potion of mutation {unknown}
 i - 3 potions of degeneration
 k - a potion of haste {unknown}
Comestibles
 c - 6 rations


   Skills:
 - Level 1.0 Fighting
 - Level 2.0 Dodging
 + Level 5.5 Stealth
 - Level 3.0 Unarmed Combat
 - Level 2.0 Spellcasting
 - Level 2.0 Transmutations


You had 3 spell levels left.
You knew the following spells:

 Your Spells              Type           Power        Failure   Level  Hunger
a - Beastly Appendage     Tmut           #.....       9%          1    #......
b - Spider Form           Tmut/Pois      #.........   38%         3    ###....


Dungeon Overview and Level Annotations

Branches:
Dungeon (3/15)

Altars:

Annotations:
D:3 nel's ghost, amateur HaWr


Innate Abilities, Weirdness & Mutations

You cannot wear most types of armour.
You are very stealthy in the water. (Stealth+)
You are amphibious.
You can wear up to eight rings at the same time.
You can use your tentacles to constrict eight enemies at once.
Your skin changes colour to match your surroundings (Stealth+).
Your rubbery body absorbs attacks. (AC +1, EV +1)


Message History

The adder bites you but does no damage. Something hits you but does no damage.
A magic dart appears from out of thin air!
The magic dart hits you!
Found a stone staircase leading down.
The adder bites you.
You completely miss nel's ghost. The orc closely misses you.
Nel's ghost hits you.
* * * LOW HITPOINT WARNING * * *
The adder bites you.
* * * LOW HITPOINT WARNING * * *
Okay, then.
Wield which item (- for none, * to show all)? (? for menu, Esc to quit)
Okay, then.
It was a potion of degeneration.
There was something very wrong with that liquid.
You feel weakened.
You feel dopey.
You feel clumsy. The adder barely misses you.
The orc hits you with a whip of freezing!
You die...

############....
.........@W#....
#.....Soo..#
#####.#...w....#
................>#
########........#.#
#......#........# #
#............##.#
#............##.#
#######...(†......#


You could see a worm, nel's ghost, an adder and 2 orcs.

Vanquished Creatures
  An adder (D:2)
  3 worms (D:2)
  A dart slug (D:1)
  6 giant cockroaches
  9 goblins
  9 hobgoblins
  A quokka (D:2)
  A ball python (D:3)
  6 bats
  2 frilled lizards
  3 kobolds
  5 rats
47 creatures vanquished.

Notes
Turn   | Place    | Note
-------+----------+-------------------------------------------
     0 | D:1      | vegansnacktivist the Octopode Transmuter began the quest for the Orb.
     0 | D:1      | Reached XP level 1. HP: 13/13 MP: 3/3
    52 | D:1      | Reached skill level 1 in Stealth
    98 | D:1      | Reached skill level 2 in Stealth
   116 | D:1      | Reached XP level 2. HP: 10/18 MP: 5/5
   238 | D:1      | Reached skill level 3 in Stealth
   812 | D:1      | Reached XP level 3. HP: 22/23 MP: 6/6
   865 | D:1      | Learned a level 3 spell: Spider Form
  1126 | D:2      | Reached skill level 4 in Stealth
  1473 | D:2      | Reached skill level 5 in Stealth
  1719 | D:2      | Reached XP level 4. HP: 28/28 MP: 7/7
  1878 | D:3      | Noticed nel's ghost (amateur HaWr)
  1889 | D:3      | Slain by an orc

Vault maps used:
D:1:      roderic_crossed_star
D:3:      zin_angel

Skill      XL: |  1  2  3 |
---------------+----------+-----
Stealth        | 2 3 5 |  5.5
Fighting       | |  1.0
Dodging        | |  2.0
Unarmed Combat | |  3.0
Spellcasting   | |  2.0
Transmutations | |  2.0

Action                   |  1- 3 |  4- 6 || total
-------------------------+-------+-------++-------
Melee: Unarmed           |    89 |    28 ||   117
       Constrict         |    26 |     7 ||    33
       Tentacles         |    11 |     3 ||    14
 Cast: Spider Form       |     1 |       ||     1
  Use: Potion            |     2 |     1 ||     3
       Scroll            |     1 |       ||     1
 Stab: Sleeping          |     5 |     1 ||     6
  Eat: Chunk             |     2 |     1 ||     3
Armor: Skin              |    11 |     3 ||    14
Dodge: Dodged            |    47 |    19 ||    66

Table legend:
 A = Spawn XP
 B = Non-spawn XP
 C = Spawn XP percentage of total XP
 D = Spawn monster count
 E = Non-spawn monster count
 F = Spawn count percentage of total count
 G = Total turns spent on level
                    A         B        C        D         E        F      G
               +---------+---------+-------+---------+---------+-------+---------
         Total |       0 |     105 |   0.0 |       0 |      47 |   0.0 |  1889
               +---------+---------+-------+---------+---------+-------+---------
           D:1 |       0 |      36 |   0.0 |       0 |      20 |   0.0 |  1094
           D:2 |       0 |      54 |   0.0 |       0 |      18 |   0.0 |   712
           D:3 |       0 |      15 |   0.0 |       0 |       9 |   0.0 |    83
               +---------+---------+-------+---------+---------+-------+---------
